[Event "Titled Tuesday Blitz July 6 2021"]
[White "Galego, Luis"]
[Black "Pruijssers, Roeland"]
[WhiteFideId "1900072"]
[BlackFideId "1013068"]
[WhiteElo "2524"]
[BlackElo "2545"]
[Result "0-1"]
[Round "05"]
[TimeControl "180+1"]
[Date "2021.07.06"]
[WhiteClock "0:00:01"]
[BlackClock "0:00:26"]

1. d4 f5 2. Nc3 Nf6 3. Bg5 d5 4. f3 Nc6 5. Qd2 e6 6. a3 Be7 7. O-O-O a6 8. e4 fxe4 9. fxe4 dxe4 10. Nge2 O-O 11. Bxf6 Bxf6 12. Nxe4 Be7 13. N2c3 b5 14. d5 Ne5 15. Qd4 Ng4 16. Be2 Nf6 17. Bf3 Rb8 18. Rhe1 b4 19. axb4 Rxb4 20. Qe5 Nxe4 21. Rxe4 Bg5+ 22. Kb1 Bf6 23. Qxf6 Rxb2+ 24. Kxb2 Qxf6 25. dxe6 Bxe6 26. Rxe6 Rb8+ 27. Kc1 Qxc3 28. Rd3 Qa1+ 29. Kd2 Qa5+ 30. Ke2 Qc5 31. Bd5 Kh8 32. Kd2 Qf2+ 33. Kc3 Qc5+ 34. Kd2 a5 35. h3 a4 36. Ba2 Qf2+ 37. Kc3 Qf4 38. Rde3 Qb4+ 0-1


[Site "https://www.chess.com"]

[Event "Titled Tuesday Blitz July 6 2021"]
[White "Gelman, Alexander"]
[Black "Onyshchuk, Volodymyr"]
[WhiteFideId "4118316"]
[BlackFideId "14114038"]
[WhiteElo "2375"]
[BlackElo "2603"]
[Result "1/2-1/2"]
[Round "05"]
[TimeControl "180+1"]
[Date "2021.07.06"]
[WhiteClock "0:00:07"]
[BlackClock "0:00:04"]

1. d4 d6 2. Nc3 g6 3. e4 Bg7 4. f4 Nf6 5. Nf3 O-O 6. e5 dxe5 7. fxe5 Nd5 8. h4 c5 9. h5 cxd4 10. Qxd4 Nxc3 11. Qxc3 Bf5 12. hxg6 Bxg6 13. Bh6 Bxh6 14. Rxh6 Nc6 15. Bd3 Qd5 16. O-O-O Qxa2 17. Bxg6 fxg6 18. b3 Rac8 19. Qc4+ Rf7 20. Rxh7 e6 21. Qxe6 Qa1+ 22. Kd2 Rd8+ 23. Ke3 Qc3+ 24. Rd3 Rxd3+ 25. cxd3 Qc1+ 26. Kf2 Qc5+ 27. Kg3 Qe7 28. Qxf7+ Qxf7 29. Rxf7 Kxf7 30. d4 Ke6 31. Kf4 Kd5 32. Ke3 a5 33. Kd3 b5 34. Kc3 a4 35. bxa4 bxa4 36. Kd3 g5 37. Kc3 g4 38. Nd2 Nxd4 39. e6 Nxe6 40. Nc4 Nc5 41. Ne3+ Ke4 42. Nxg4 Nb3 43. Kb4 Kf4 44. Kxa4 Kxg4 45. Kxb3 Kg3 46. Kc4 Kxg2 1/2-1/2


[Site "https://www.chess.com"]

[Event "Titled Tuesday Blitz July 6 2021"]
[White "Gontcharov, Vladislav"]
[Black "Cruz, Jonathan"]
[WhiteFideId "4123492"]
[BlackFideId "3802124"]
[WhiteElo "2503"]
[BlackElo "2381"]
[Result "1-0"]
[Round "05"]
[TimeControl "180+1"]
[Date "2021.07.06"]
[WhiteClock "0:00:08"]
[BlackClock "0:00:08"]

1. e4 c6 2. d4 d5 3. Nd2 dxe4 4. Nxe4 Nf6 5. Nxf6+ exf6 6. c3 Bd6 7. Bd3 O-O 8. Qc2 h6 9. Ne2 Qc7 10. h3 c5 11. dxc5 Qxc5 12. Be3 Qc7 13. O-O Nc6 14. Nd4 a6 15. Nxc6 Qxc6 16. Be4 Qc7 17. c4 Be6 18. c5 Be7 19. Rac1 Rad8 20. b4 Bd5 21. Rfd1 Bc6 22. a3 Rfe8 23. Bxc6 Qxc6 24. Rxd8 Bxd8 25. Rd1 Bc7 26. Qf5 g6 27. Qf3 Qxf3 28. gxf3 Re7 29. a4 Kg7 30. b5 axb5 31. axb5 g5 32. Rd5 Be5 33. Kf1 Kg6 34. Ke2 Kf5 35. Kd3 Ke6 36. Kc4 Re8 37. Rd1 Ra8 38. c6 bxc6 39. bxc6 Ra3 40. Kb4 Ra2 41. Rc1 Bc7 42. Kb5 Rb2+ 43. Ka6 Kd5 44. Rc5+ Kd6 45. Rc1 Kd5 46. Rc3 Rb1 47. Ka7 Rb2 48. Ka6 Rb1 49. Rc5+ Kd6 50. Rb5 Rxb5 51. Kxb5 Bb8 52. Kb6 Bc7+ 53. Kb7 f5 54. Bc5+ Kxc5 55. Kxc7 g4 56. fxg4 fxg4 57. hxg4 f5 58. gxf5 h5 59. Kd7 h4 60. c7 h3 61. c8=Q+ Kd5 62. Qh8 1-0


[Site "https://www.chess.com"]

[Event "Titled Tuesday Blitz July 6 2021"]
[White "Gracia Alvarez, Gerardo Antonio"]
[Black "Vykouk, Jan"]
[WhiteFideId "5109124"]
[BlackFideId "349658"]
[WhiteElo "2148"]
[BlackElo "2387"]
[Result "0-1"]
[Round "05"]
[TimeControl "180+1"]
[Date "2021.07.06"]
[WhiteClock "0:00:15"]
[BlackClock "0:00:48"]

1. e4 c5 2. Nf3 d6 3. d4 cxd4 4. Nxd4 Nf6 5. Nc3 a6 6. Be2 e5 7. Nf3 Qc7 8. Bg5 Nbd7 9. O-O h6 10. Be3 b5 11. Rc1 Be7 12. Nd5 Nxd5 13. exd5 O-O 14. b3 f5 15. c4 b4 16. c5 Nxc5 17. Nxe5 dxe5 18. d6 Qxd6 19. Bxc5 Qxd1 20. Rfxd1 Bxc5 21. Rxc5 e4 22. Bc4+ Kh8 23. Rc7 a5 24. Rc1 Ba6 25. Bd5 Rac8 26. Be6 Rxc7 27. Rxc7 Bd3 28. Ra7 f4 29. f3 e3 30. Rxa5 Re8 31. Re5 Bg6 32. g3 Bf7 33. gxf4 Rxe6 34. Kf1 Rxe5 35. fxe5 Bg6 36. Ke2 Bb1 37. Kxe3 Bxa2 38. Kd4 Bxb3 39. Kc5 Bd1 40. Kxb4 Bxf3 41. Kc5 Kg8 42. Kd6 Kf8 43. e6 Ke8 44. h4 g5 0-1


[Site "https://www.chess.com"]

[Event "Titled Tuesday Blitz July 6 2021"]
[White "Harshavardhan G B"]
[Black "Ben Artzi, Ido"]
[WhiteFideId "25059009"]
[BlackFideId "2810913"]
[WhiteElo "1825"]
[BlackElo "2244"]
[Result "1-0"]
[Round "05"]
[TimeControl "180+1"]
[Date "2021.07.06"]
[WhiteClock "0:01:41"]
[BlackClock "0:01:32"]

1. e4 c6 2. d4 d5 3. exd5 cxd5 4. c4 Nf6 5. Nc3 e6 6. Nf3 Be7 7. c5 b6 8. Bb5+ Bd7 9. Bxd7+ Qxd7 10. Ne5 Qc8 11. Qa4+ Nbd7 12. c6 Nxe5 13. dxe5 Ng8 14. Be3 Qc7 15. Nb5 Qxc6 16. Rc1 Bc5 17. b4 Kd7 18. bxc5 a6 19. Nc3 1-0


[Site "https://www.chess.com"]

[Event "Titled Tuesday Blitz July 6 2021"]
[White "Hebden, Mark L"]
[Black "Le, Tuan Minh"]
[WhiteFideId "400084"]
[BlackFideId "12401153"]
[WhiteElo "2457"]
[BlackElo "2450"]
[Result "0-1"]
[Round "05"]
[TimeControl "180+1"]
[Date "2021.07.06"]
[WhiteClock "0:00:01"]
[BlackClock "0:00:10"]

1. d4 d5 2. Nf3 Nf6 3. c4 c6 4. e3 Bf5 5. cxd5 cxd5 6. Qb3 Qb6 7. Qxb6 axb6 8. Nc3 Nc6 9. Bb5 Bd7 10. Bd3 e6 11. Bd2 Be7 12. Ke2 O-O 13. Rhc1 Rfc8 14. h3 g6 15. Ne5 Be8 16. f4 Na5 17. g4 Nc4 18. g5 Nh5 19. Nxc4 dxc4 20. Bc2 b5 21. Ne4 Bc6 22. a3 Rd8 23. Bb4 Kf8 24. Kf2 Bxb4 25. axb4 Ke7 26. Nc5 f5 27. gxf6+ Nxf6 28. Bd1 b6 29. Ra6 Rxa6 30. Nxa6 Ra8 31. b3 Rxa6 32. bxc4 Ra2+ 33. Kg3 bxc4 34. Rxc4 Bd5 35. Rc7+ Kd6 36. Rf7 Ne4+ 37. Kh4 h6 38. Bf3 g5+ 39. Kh5 Ng3+ 40. Kg4 Bxf3+ 41. Kxg3 Be4 42. fxg5 Rg2+ 43. Kh4 hxg5+ 44. Kh5 Rg3 45. h4 gxh4 46. Kxh4 Rxe3 0-1


[Site "https://www.chess.com"]

[Event "Titled Tuesday Blitz July 6 2021"]
[White "Howell, David W L"]
[Black "Cunjalo, Faris"]
[WhiteFideId "410608"]
[BlackFideId "14410710"]
[WhiteElo "2643"]
[BlackElo "2234"]
[Result "1/2-1/2"]
[Round "05"]
[TimeControl "180+1"]
[Date "2021.07.06"]
[WhiteClock "0:00:43"]
[BlackClock "0:00:15"]

1. e4 e5 2. Nc3 Nf6 3. d4 exd4 4. Qxd4 Nc6 5. Qc4 Bb4 6. Bd2 O-O 7. O-O-O Re8 8. f3 d6 9. Kb1 Be6 10. Qd3 d5 11. exd5 Nxd5 12. Nxd5 Bxd5 13. Ne2 Bxd2 14. Qxd2 Bc4 15. b3 Bxe2 16. Bxe2 Qf6 17. Bb5 a6 18. Bxc6 Qxc6 19. Rhe1 h6 20. Rxe8+ Rxe8 21. Re1 Rxe1+ 22. Qxe1 Kf8 23. a4 Qd6 24. g3 b6 25. Qe4 a5 26. Kb2 g6 27. f4 1/2-1/2


[Site "https://www.chess.com"]

[Event "Titled Tuesday Blitz July 6 2021"]
[White "Jobava, Baadur"]
[Black "Viana Da Costa, Fernando"]
[WhiteFideId "13601520"]
[BlackFideId "2111900"]
[WhiteElo "2748"]
[BlackElo "2247"]
[Result "1-0"]
[Round "05"]
[TimeControl "180+1"]
[Date "2021.07.06"]
[WhiteClock "0:00:38"]
[BlackClock "0:00:12"]

1. d4 Nf6 2. Nc3 d5 3. Bf4 c6 4. e3 Bf5 5. f3 Qb6 6. Rb1 h6 7. Bd3 Bxd3 8. cxd3 Nbd7 9. Nge2 e6 10. Bg3 Be7 11. O-O O-O 12. b4 a5 13. b5 c5 14. Na4 Qd8 15. b6 Rc8 16. Bc7 Qe8 17. dxc5 Nxc5 18. Nxc5 Bxc5 19. d4 Bb4 20. Nf4 Qd7 21. Nd3 Bd6 22. Bxd6 Qxd6 23. Nc5 Rc6 24. Nxb7 Qb8 25. Nxa5 Rxb6 26. Nc6 Qc7 27. Rxb6 Qxb6 28. Qc2 Ra8 29. Rb1 Qc7 30. Rb2 g5 31. Ne5 Qa5 32. Qb1 Kg7 33. Rb7 Ra7 34. Qg6+ 1-0


[Site "https://www.chess.com"]

[Event "Titled Tuesday Blitz July 6 2021"]
[White "Kamsky, Gata"]
[Black "Petriashvili, Nikoloz"]
[WhiteFideId "2000024"]
[BlackFideId "13611216"]
[WhiteElo "2644"]
[BlackElo "2430"]
[Result "1/2-1/2"]
[Round "05"]
[TimeControl "180+1"]
[Date "2021.07.06"]
[WhiteClock "0:01:05"]
[BlackClock "0:00:09"]

1. e4 c5 2. Nf3 Nc6 3. d4 cxd4 4. Nxd4 Nf6 5. Nc3 e5 6. Ndb5 d6 7. Bg5 a6 8. Na3 b5 9. Nd5 Be7 10. Bxf6 Bxf6 11. c4 b4 12. Nc2 a5 13. Be2 O-O 14. O-O g6 15. Qd3 Bg7 16. Rad1 Be6 17. Nde3 a4 18. Bg4 Bxg4 19. Nxg4 Qc8 20. Nge3 Rd8 21. Nd5 Qb7 22. b3 axb3 23. axb3 Ra2 24. g3 Rda8 25. Nde3 Bf8 26. Ra1 Rxa1 27. Rxa1 Rxa1+ 28. Nxa1 Qa7 29. Nac2 Qa2 30. Nd5 Qb1+ 31. Kg2 Nd4 32. Ncxb4 Qxd3 33. Nxd3 Nxb3 34. f3 Kg7 35. g4 f6 36. Kf2 Kf7 1/2-1/2


[Site "https://www.chess.com"]

[Event "Titled Tuesday Blitz July 6 2021"]
[White "Kapitanchuk, Tomas"]
[Black "Jarovinsky, Alexey"]
[WhiteFideId "135046"]
[BlackFideId "14115131"]
[WhiteElo "1955"]
[BlackElo "2446"]
[Result "0-1"]
[Round "05"]
[TimeControl "180+1"]
[Date "2021.07.06"]
[WhiteClock "0:00:20"]
[BlackClock "0:00:07"]

1. e4 Nc6 2. Nf3 d6 3. d4 Bg4 4. Be2 Nf6 5. Nc3 e5 6. d5 Nb8 7. Nd2 Bxe2 8. Qxe2 Be7 9. Nc4 O-O 10. Bg5 Nxd5 11. Bxe7 Nxe7 12. O-O-O Nec6 13. Qe3 Nd7 14. Nd5 Nb6 15. Ncxb6 axb6 16. a3 Ne7 17. f4 Nxd5 18. exd5 Re8 19. Rhe1 Qf6 20. g3 h6 21. Qc3 exf4 22. Qxf6 gxf6 23. gxf4 f5 24. Kd2 Kg7 25. Kd3 Kf6 26. c4 Rxe1 27. Rxe1 Rg8 28. Re2 Rg4 29. Ke3 Rh4 30. Rg2 Rh3+ 31. Kd2 Rf3 32. Rg8 Rxf4 33. Kc3 Re4 34. Rc8 Re7 35. Kd3 f4 36. Rg8 Kf5 37. Rh8 Kg5 38. Rg8+ Kh4 39. Rg2 Kh3 40. Rf2 Kg4 41. b4 f3 42. a4 Kf4 43. a5 f5 44. axb6 cxb6 45. c5 Re3+ 46. Kd4 Re4+ 47. Kd3 dxc5 48. bxc5 bxc5 49. Kc3 Rd4 50. Rd2 Rxd2 51. Kxd2 Ke5 52. Ke3 Kxd5 53. Kxf3 b5 54. Ke3 b4 55. Kd2 c4 56. Kc2 f4 57. Kd2 b3 58. Kc3 Kc5 59. Kd2 Kd4 60. Kc1 Kc3 61. Kb1 b2 62. h3 f3 63. h4 f2 64. h5 f1=Q+ 65. Ka2 Qa1# 0-1


[Site "https://www.chess.com"]

[Event "Titled Tuesday Blitz July 6 2021"]
[White "Khusnutdinov, Rustam"]
[Black "Wagh Suyog"]
[WhiteFideId "13701703"]
[BlackFideId "25071688"]
[WhiteElo "2571"]
[BlackElo "2219"]
[Result "1-0"]
[Round "05"]
[TimeControl "180+1"]
[Date "2021.07.06"]
[WhiteClock "0:00:08"]
[BlackClock "0:00:01"]

1. e4 c6 2. Nf3 d5 3. d3 g6 4. Qe2 Bg7 5. g3 Bg4 6. Bg2 e6 7. O-O Ne7 8. Nbd2 O-O 9. h3 Bxf3 10. Nxf3 a5 11. a4 Na6 12. d4 dxe4 13. Qxe4 Nd5 14. c3 Re8 15. Bg5 Qc7 16. Rfe1 Nb8 17. Re2 Nd7 18. Rae1 Rac8 19. Qh4 N7b6 20. Nh2 Nxa4 21. Ng4 Nab6 22. Bh6 Qe7 23. Bg5 f6 24. Bc1 g5 25. Qh5 Qf7 26. Nh6+ Bxh6 27. Qxh6 Qg6 28. Qxg6+ hxg6 29. Rxe6 Rxe6 30. Rxe6 Kf7 31. Re2 a4 32. Kf1 Nc4 33. Ke1 b5 34. Kd1 Rd8 35. Kc2 Nd6 36. Re1 Rh8 37. Rh1 Nc4 38. Kd3 Re8 39. Bf3 Na5 40. h4 gxh4 41. gxh4 Nb3 42. Be3 Na5 43. h5 g5 44. h6 Rh8 45. Be4 Nc4 46. Bc1 Nd6 47. Bf3 Kg6 48. Bh5+ Kxh6 49. Be8+ Kg7 50. Rxh8 Kxh8 51. Bxc6 Nc7 52. f4 g4 53. f5 Kg7 54. Bf4 Nce8 55. Bd7 Kf7 56. Ke2 Ke7 57. Bc6 Ng7 58. Bxd6+ Kxd6 59. Bxb5 Nxf5 60. Bxa4 Nh4 61. Kf2 Ng6 62. Bc2 Ne7 63. Kg3 f5 64. Bd3 Kd5 65. Kf4 Kd6 66. c4 Ke6 67. b4 Kf6 68. b5 Ng6+ 69. Kg3 Kg5 70. b6 f4+ 71. Kf2 g3+ 72. Kg2 Nh4+ 73. Kh3 g2 74. Kh2 f3 75. Kg1 Kg4 76. b7 Kh3 77. b8=Q f2+ 78. Kxf2 1-0


[Site "https://www.chess.com"]

[Event "Titled Tuesday Blitz July 6 2021"]
[White "Kim, Sergey"]
[Black "Costachi, Mihnea"]
[WhiteFideId "13700570"]
[BlackFideId "1217518"]
[WhiteElo "2440"]
[BlackElo "2482"]
[Result "0-1"]
[Round "05"]
[TimeControl "180+1"]
[Date "2021.07.06"]
[WhiteClock "0:00:07"]
[BlackClock "0:00:37"]

1. d4 a6 2. c4 g6 3. Nc3 Bg7 4. e4 d6 5. Nge2 Nf6 6. Ng3 O-O 7. a4 c5 8. d5 h5 9. Be2 h4 10. Nf1 h3 11. g4 e6 12. Ng3 exd5 13. cxd5 Re8 14. O-O Nbd7 15. f4 Rb8 16. f5 b5 17. axb5 axb5 18. g5 b4 19. gxf6 bxc3 20. fxg7 cxb2 21. Bxb2 Rxb2 22. Qc1 Qf6 23. fxg6 Qd4+ 24. Kh1 fxg6 25. Ra4 Qxg7 26. e5 Qxe5 27. Re4 Rxe2 28. Rxe5 R2xe5 29. Qh6 Nf8 30. Qf4 Bf5 31. Kg1 Kf7 32. Qh6 Rxd5 33. Qxh3 Ree5 34. Qh4 Ne6 35. Qh7+ Ng7 36. Qh8 Re7 37. Qh6 Rde5 38. Qd2 d5 39. Qa5 d4 40. Qa2+ Kf6 41. Qc4 Nh5 42. Nxf5 gxf5 43. Qa6+ R7e6 44. Qc8 Ng7 45. Qf8+ Kg6 46. Qd8 Re4 47. h4 Rg4+ 48. Kh1 c4 49. Rg1 Rxg1+ 50. Kxg1 d3 51. Qg5+ Kf7 52. h5 c3 53. Kf2 d2 54. h6 Rxh6 0-1


[Site "https://www.chess.com"]

[Event "Titled Tuesday Blitz July 6 2021"]
[White "Kobo, Ori"]
[Black "Stojanovski, Sandi"]
[WhiteFideId "2812320"]
[BlackFideId "1403249"]
[WhiteElo "2431"]
[BlackElo "2348"]
[Result "1/2-1/2"]
[Round "05"]
[TimeControl "180+1"]
[Date "2021.07.06"]
[WhiteClock "0:00:05"]
[BlackClock "0:00:09"]

1. e4 c5 2. Nf3 Nc6 3. Bb5 g6 4. O-O Bg7 5. c3 Nf6 6. Re1 O-O 7. d4 d5 8. e5 Ne4 9. Be3 cxd4 10. cxd4 Qb6 11. Bxc6 Qxc6 12. Nfd2 Nxd2 13. Qxd2 Bf5 14. Nc3 Rfc8 15. Rac1 Qd7 16. h3 Rc6 17. g4 Be6 18. Ne2 Rac8 19. Rxc6 Rxc6 20. Nf4 Qc8 21. Qb4 Qc7 22. Kg2 Bf8 23. Qb3 Qd7 24. Kg3 a6 25. Nd3 b6 26. f3 a5 27. Rc1 Rxc1 28. Bxc1 Qc6 29. Be3 Bd7 30. h4 e6 31. Qd1 Qa4 32. Qxa4 Bxa4 33. b3 Bb5 34. Nc1 Ba3 35. Kf2 Bxc1 36. Bxc1 h5 37. Ba3 Bd3 38. Bd6 Bb1 39. a3 Ba2 40. b4 axb4 41. axb4 b5 42. Kg3 Kh7 43. Kf4 hxg4 44. fxg4 Bb1 45. Kg5 Kg7 46. Be7 Bc2 47. Bf6+ Kg8 48. Be7 Kg7 49. Bc5 Bd3 50. h5 gxh5 51. gxh5 Be4 52. Bd6 Bf5 53. Be7 Kg8 54. Kf6 Bh7 55. Bc5 Bf5 56. Bd6 Bh7 57. Be7 Bf5 58. Bd8 Bh7 59. Kg5 Bf5 60. Kh6 Bh7 61. Bf6 Bd3 62. Kg5 Be4 63. h6 Bd3 64. Kh4 1/2-1/2


[Site "https://www.chess.com"]

[Event "Titled Tuesday Blitz July 6 2021"]
[White "Kotepalli, Sai Nirupama"]
[Black "Arutinian, David"]
[WhiteFideId "5039444"]
[BlackFideId "13601741"]
[WhiteElo "2426"]
[BlackElo "2525"]
[Result "1-0"]
[Round "05"]
[TimeControl "180+1"]
[Date "2021.07.06"]
[WhiteClock "0:00:11"]
[BlackClock "0:00:22"]

1. d4 Nf6 2. Bf4 d5 3. e3 e6 4. Nf3 Bd6 5. Bg3 O-O 6. Bd3 c5 7. c3 Qc7 8. Nbd2 Nbd7 9. O-O e5 10. dxe5 Nxe5 11. Nxe5 Bxe5 12. Bxe5 Qxe5 13. Nf3 Qe7 14. h3 b6 15. Re1 Bb7 16. Rc1 Rad8 17. Qe2 Rd6 18. c4 dxc4 19. Bxc4 Ne4 20. Red1 Rg6 21. Bd3 Rh6 22. Bxe4 Bxe4 23. Nd2 Bb7 24. Nf1 Qe6 25. Ng3 Qxa2 26. Rd7 Bc6 27. Rc7 Qe6 28. Rxa7 Re8 29. Qg4 Qf6 30. b4 Rg6 31. Qe2 cxb4 32. Qc4 Qe5 33. Qxb4 h5 34. Qd4 Qg5 35. Qf4 Qxf4 36. exf4 h4 37. Nf5 Rxg2+ 38. Kf1 Bf3 39. Nxh4 Rh2 40. Nxf3 Rxh3 41. Kg2 Rh6 42. Rcc7 Rg6+ 43. Kh3 Rf6 44. Kg3 Rg6+ 45. Kh4 Rh6+ 46. Kg4 Rf6 47. Ng5 Rf8 48. Rcb7 g6 49. Ne4 Re6 50. f3 f5+ 51. Kg5 Rc8 52. Nf6+ 1-0


[Site "https://www.chess.com"]

[Event "Titled Tuesday Blitz July 6 2021"]
[White "Krivonosov, Oleg"]
[Black "Deviprasath, Sharvesh"]
[WhiteFideId "11600349"]
[BlackFideId "30938228"]
[WhiteElo "2469"]
[BlackElo "2102"]
[Result "0-1"]
[Round "05"]
[TimeControl "180+1"]
[Date "2021.07.06"]
[WhiteClock "0:01:13"]
[BlackClock "0:00:09"]

1. Nf3 Nf6 2. c4 g6 3. Nc3 Bg7 4. e4 d6 5. d4 O-O 6. Be2 Nbd7 7. O-O e5 8. Re1 Re8 9. Bf1 a6 10. Rb1 exd4 11. Nxd4 Nc5 12. f3 Nh5 13. Be3 Be5 14. Qd2 Qh4 15. g3 Nxg3 16. hxg3 Bxg3 17. Bg5 Bxe1 18. Rxe1 Qg3+ 19. Bg2 Bh3 20. Bf4 Qxg2+ 21. Qxg2 Bxg2 22. Kxg2 Nd3 23. Bg3 Nxe1+ 24. Bxe1 f5 25. Nd5 fxe4 26. fxe4 c6 27. Nf6+ Kf7 28. Nxh7 Re5 29. Bd2 Rh5 30. Ng5+ Ke7 31. Ndf3 Kd7 32. c5 dxc5 33. e5 b6 34. e6+ Ke7 35. Ne5 Rxg5+ 36. Bxg5+ Kxe6 37. Nxc6 Kf5 38. Be3 Re8 39. Kf2 Ke4 40. Ke2 Kd5 41. Na7 Ra8 0-1


[Site "https://www.chess.com"]

[Event "Titled Tuesday Blitz July 6 2021"]
[White "Kukhmazov, Arsen"]
[Black "Keymer, Vincent"]
[WhiteFideId "24108260"]
[BlackFideId "12940690"]
[WhiteElo "2453"]
[BlackElo "2474"]
[Result "1/2-1/2"]
[Round "05"]
[TimeControl "180+1"]
[Date "2021.07.06"]
[WhiteClock "0:00:05"]
[BlackClock "0:00:04"]

1. d4 Nf6 2. c4 e6 3. Nf3 d5 4. e3 Bd6 5. b3 O-O 6. Bb2 b6 7. Bd3 Bb7 8. O-O Nbd7 9. Nc3 a6 10. Qe2 Ne4 11. Qc2 f5 12. Ne2 Qe8 13. Ne5 Bxe5 14. dxe5 Nec5 15. cxd5 Nxd3 16. Qxd3 Bxd5 17. Nf4 c6 18. Rac1 Rf7 19. Qe2 a5 20. Nxd5 cxd5 21. Bd4 f4 22. Rc7 Rc8 23. Rfc1 Rxc7 24. Rxc7 Nc5 25. Rxf7 Qxf7 26. Qb5 f3 27. Qxb6 h6 28. gxf3 Qg6+ 29. Kf1 Qb1+ 30. Kg2 Qg6+ 31. Kf1 Qb1+ 32. Kg2 Qg6+ 33. Kf1 1/2-1/2


[Site "https://www.chess.com"]

[Event "Titled Tuesday Blitz July 6 2021"]
[White "Leenhouts, Koen"]
[Black "Mohammad Fahad, Rahman"]
[WhiteFideId "1008439"]
[BlackFideId "10207791"]
[WhiteElo "2409"]
[BlackElo "2323"]
[Result "1-0"]
[Round "05"]
[TimeControl "180+1"]
[Date "2021.07.06"]
[WhiteClock "0:00:54"]
[BlackClock "0:01:08"]

1. e4 e5 2. Nf3 Nc6 3. Bb5 a6 4. Ba4 Nf6 5. O-O Be7 6. Re1 b5 7. Bb3 O-O 8. c3 d6 9. d4 Bg4 10. Be3 Na5 11. dxe5 Bxf3 12. Qxf3 dxe5 13. Rd1 Qc8 14. Nd2 c5 15. Bd5 Nxd5 16. exd5 f5 17. d6 Bxd6 18. Qd5+ Kh8 19. Qxd6 Nb7 20. Qxe5 Qc6 21. Nf3 Rae8 22. Qd5 Qc7 23. Qd7 Qb6 24. Bf4 Na5 25. Bc7 Qg6 26. Bxa5 Re2 27. Rd2 Re4 28. Qd6 Qf7 29. Ng5 1-0


[Site "https://www.chess.com"]

[Event "Titled Tuesday Blitz July 6 2021"]
[White "Leve, Nitai"]
[Black "Assaubayeva, Bibisara"]
[WhiteFideId "2006898"]
[BlackFideId "13708694"]
[WhiteElo "2144"]
[BlackElo "2232"]
[Result "0-1"]
[Round "05"]
[TimeControl "180+1"]
[Date "2021.07.06"]
[WhiteClock "0:00:01"]
[BlackClock "0:00:13"]

1. e4 c5 2. Nf3 d6 3. d4 cxd4 4. Qxd4 a6 5. c4 Nc6 6. Qe3 g6 7. h3 Bg7 8. Be2 Nf6 9. O-O O-O 10. Rd1 Nd7 11. Nc3 Nc5 12. Qg5 Ne6 13. Qh4 Ncd4 14. Bh6 Nxf3+ 15. Bxf3 Nd4 16. Rxd4 Bxd4 17. Bxf8 Qxf8 18. Nd5 f6 19. Bg4 Qf7 20. Rd1 Ba7 21. Bxc8 Rxc8 22. Qg4 Rxc4 23. Qd7 e6 24. Ne7+ Kf8 25. Qd8+ Qe8 26. Nxg6+ hxg6 27. Qxf6+ Kg8 28. Rxd6 Rc1+ 29. Kh2 Bb8 30. e5 Bxd6 31. exd6 Rd1 32. Qf4 Qd7 33. Qg4 Qxd6+ 34. g3 Kg7 0-1


[Site "https://www.chess.com"]

[Event "Titled Tuesday Blitz July 6 2021"]
[White "Levitskiy, Andrey"]
[Black "Leitao, Rafael"]
[WhiteFideId "14132885"]
[BlackFideId "2101246"]
[WhiteElo "2323"]
[BlackElo "2609"]
[Result "1-0"]
[Round "05"]
[TimeControl "180+1"]
[Date "2021.07.06"]
[WhiteClock "0:00:17"]
[BlackClock "0:00:17"]

1. e4 e5 2. Nf3 Nc6 3. Bc4 Nf6 4. Ng5 d5 5. exd5 Na5 6. Bb5+ c6 7. dxc6 bxc6 8. Bd3 Nd5 9. Nf3 Bd6 10. O-O O-O 11. Re1 f5 12. Nxe5 Qf6 13. Nf3 g5 14. g3 f4 15. Nc3 g4 16. Ne4 Qh6 17. Nh4 Be7 18. Ng2 Bf5 19. c4 f3 20. cxd5 cxd5 21. Ne3 Bxe4 22. Bf1 Qh5 23. d3 Bg6 24. Qa4 d4 25. Nxg4 Qxg4 26. Rxe7 Qh5 27. Bd2 Rf5 28. Qxd4 Bf7 29. Bc3 Kf8 30. Rc7 Qg6 31. Bxa5 Rxa5 32. Qb4+ Kg8 33. Qxa5 Re8 34. Rac1 1-0


[Site "https://www.chess.com"]

[Event "Titled Tuesday Blitz July 6 2021"]
[White "Macovei, Andrei"]
[Black "Zhuravlev, Alexey"]
[WhiteFideId "13904680"]
[BlackFideId "4164199"]
[WhiteElo "2439"]
[BlackElo "2439"]
[Result "1/2-1/2"]
[Round "05"]
[TimeControl "180+1"]
[Date "2021.07.06"]
[WhiteClock "0:00:31"]
[BlackClock "0:00:06"]

1. e4 c6 2. d4 d5 3. f3 e6 4. Nc3 Bb4 5. a3 Bxc3+ 6. bxc3 c5 7. Bd3 c4 8. Be2 Qa5 9. Bd2 Bd7 10. e5 Ne7 11. f4 g6 12. Nf3 h5 13. O-O Nf5 14. Qb1 Nc6 15. g3 O-O-O 16. Kg2 Qa4 17. Rh1 Rdf8 18. Qb2 h4 19. g4 h3+ 20. Kf2 Nh4 21. Nxh4 Rxh4 22. Kg3 Rh7 23. Rhf1 f6 24. Rae1 f5 25. g5 Rfh8 26. Rf3 Qa5 27. Qc1 Nd8 28. Kf2 Ba4 29. Rg1 Nc6 30. Rgg3 Qd8 31. Bf1 Qf8 32. Rxh3 Rxh3 33. Rxh3 Rxh3 34. Bxh3 Qh8 35. Kg3 Qh5 36. Be3 Qe2 37. Qd2 Qxd2 38. Bxd2 Bxc2 39. Bg2 Bd1 40. Kf2 Kd7 41. Ke1 Bh5 42. Be3 Ke7 43. Kd2 Na5 44. Kc2 b5 45. Kb2 Nb3 46. Bf1 a5 47. Kc2 Kd7 48. Bg2 Be2 49. Kb2 Kc6 50. Bh1 Kb6 51. Bg2 Bh5 52. Bf1 Kc6 53. Kc2 Bf3 54. Bc1 Kb6 55. Bd2 Kc6 56. Be1 Kb6 57. Kb2 Kc6 58. h3 Kb6 59. h4 Kc6 60. Bh3 Kb6 61. Bf1 Kc6 62. Kc2 Kb6 63. Bd2 Kc6 64. Be3 Kb6 65. Kb2 Kc6 66. Bh3 a4 67. Kc2 Kb6 68. Bf1 Kc6 69. Bf2 Kd7 70. Bg3 Kc6 71. Kb2 Kd7 72. Kc2 Kc6 73. Be1 Kd7 74. Bd2 Kc6 75. Be3 Kd7 76. Kb2 Kc6 77. Kb1 Kd7 78. Ka2 Kc6 79. Kb2 Kd7 80. Kc2 Kc6 81. h5 Bxh5 82. Bg2 Be2 83. Bh1 Bd3+ 84. Kb2 Be4 85. Bxe4 dxe4 86. Kc2 Kd5 87. Kb2 Na5 88. Kc2 Nc6 89. Kb2 Nd8 90. Kc2 Nb7 91. Kb2 Na5 92. Kc2 Nc6 93. Kb2 Nb8 94. Kc2 Nd7 95. Kd2 Nf8 96. Kc2 Nh7 97. Kb2 Nf8 98. Kc2 Nd7 99. Kb1 Nb8 100. Kb2 Na6 101. Ka2 Nc7 102. Kb2 Ne8 103. Kb1 Ng7 104. Kc1 Nh5 105. Kd2 Ng3 106. Ke1 Nh5 107. Kd2 Ng7 108. Kc2 Nh5 109. Kd1 Kc6 110. Kd2 Ng3 111. Ke1 Kd5 112. Kf2 Nh5 113. Ke1 Kc6 114. Ke2 Ng3+ 115. Kf2 Nh5 116. Ke1 Kb7 117. Kf2 Kc7 118. Ke1 Kc6 119. Kf2 Kd5 120. Ke2 Ng7 121. Ke1 Ne8 122. Kd2 Nc7 123. Kc2 Na6 124. Kb2 Nb8 125. Kc2 Nc6 1/2-1/2


[Site "https://www.chess.com"]

[Event "Titled Tuesday Blitz July 6 2021"]
[White "Maevsky, Nikolay"]
[Black "Wagner, Dennis"]
[WhiteFideId "4198220"]
[BlackFideId "24650684"]
[WhiteElo "2213"]
[BlackElo "2355"]
[Result "1-0"]
[Round "05"]
[TimeControl "180+1"]
[Date "2021.07.06"]
[WhiteClock "0:00:11"]
[BlackClock "0:00:02"]

1. d4 d5 2. Nf3 Nf6 3. c4 c6 4. e3 Bf5 5. Nc3 e6 6. Nh4 Be4 7. f3 Bg6 8. Qb3 Qc7 9. Bd2 Be7 10. Rc1 a6 11. g3 O-O 12. Nxg6 hxg6 13. cxd5 exd5 14. Nxd5 Nxd5 15. Qxd5 Qxg3+ 16. hxg3 cxd5 17. Rc7 Bd6 18. Rxb7 Bxg3+ 19. Kd1 Bd6 20. Bd3 Rd8 21. Ke2 Rd7 22. Rb6 Bc7 23. Rb3 Nc6 24. Rc1 Nd8 25. Ra3 a5 26. b4 Ne6 27. bxa5 Bd6 28. Rb3 Re7 29. Kf2 f5 30. Rc6 Bc7 31. a6 Kf7 32. Rb7 Rh8 33. f4 Rh2+ 34. Ke1 Nxf4 35. Rcxc7 Nxd3+ 36. Kd1 Rxc7 37. Rxc7+ Kf6 38. a7 Rh8 39. Rb7 Ra8 40. Ba5 Nf2+ 41. Ke2 Ne4 42. Bb6 Rc8 43. Rb8 Rc2+ 44. Kd1 1-0


[Site "https://www.chess.com"]

[Event "Titled Tuesday Blitz July 6 2021"]
[White "Maghsoodloo, Parham"]
[Black "Mortazavi, Ali"]
[WhiteFideId "12539929"]
[BlackFideId "401323"]
[WhiteElo "2601"]
[BlackElo "2339"]
[Result "1-0"]
[Round "05"]
[TimeControl "180+1"]
[Date "2021.07.06"]
[WhiteClock "0:00:17"]
[BlackClock "0:00:06"]

1. e4 c6 2. Nc3 d5 3. d3 e5 4. g3 Bd6 5. Bg2 Ne7 6. Nge2 Be6 7. f4 f6 8. O-O Nd7 9. d4 exf4 10. Bxf4 Nb6 11. a4 a5 12. Bxd6 Qxd6 13. Nf4 Bf7 14. Qd3 O-O 15. b3 Rad8 16. Rad1 Ng6 17. Nfe2 Rfe8 18. Rfe1 Qb4 19. h4 dxe4 20. Nxe4 Ne5 21. Qc3 Ng4 22. Qf3 h5 23. c4 Bg6 24. Nf4 Bxe4 25. Rxe4 Rxe4 26. Qxe4 Qxb3 27. Rd3 Qxc4 28. Nxh5 Qc1+ 29. Bf1 Nh2 30. Nxf6+ Kf8 31. Kxh2 Qxf1 32. Rf3 Qc1 33. Nh7+ Kg8 34. Ng5 Qd2+ 35. Kh3 1-0


[Site "https://www.chess.com"]